 Dungeon Crawl Stone Soup version 0.25-a0-346-g140ab784a8 (webtiles) character file.

Game seed: 4746357658149556400, levelgen mode: deterministic

512298 twoshot the Omniscient (level 25, 197/197 HPs)
             Began as a Gnoll Wizard on Dec 31, 2019.
             Was the Champion of Ashenzari.
             Quit the game on level 5 of the Depths.
             The game lasted 04:38:22 (82774 turns).

twoshot the Omniscient (Gnoll Wizard)              Turns: 82774, Time: 04:38:23

Health: 197/197    AC: 36    Str: 11    XL:     25   Next: 12%
Magic:  67/67      EV: 20    Int: 37    God:    Ashenzari [******]
Gold:   1548       SH: 27    Dex: 17    Spells: 13/57 levels left

rFire    + . .     SeeInvis +   R - staff of power (curse)
rCold    + . .     Gourm    .   e - +5 shield {reflect} (curse)
rNeg     + . .     Faith    .   q - +10 pearl dragon scales (curse)
rPois    .         Spirit   .   b - +2 hat {MR+} (curse)
rElec    .         Reflect  +   Z - scarf {rC+ rF+} (curse)
rCorr    .         Harm     .   I - +2 pair of gloves (curse)
MR       +++..     Clarity  +   U - +0 pair of boots (curse)
Stlth    +++++.....             H - +4 amulet of reflection (curse)
HPRegen  0.42/turn              V - ring of magical power (curse)
MPRegen  0.40/turn              o - ring "Puud" {+Inv MR+ Int+7} (curse)

@: no status effects
A: distributed training, fangs 1, large bone plates 1, clarity, screaming 1,
strong 1, strong nose
}: 3/15 runes: barnacled, silver, gossamer
a: Curse Item, Scrying, Renounce Religion, Evoke Invisibility


You were on level 5 of the Depths.
You worshipped Ashenzari.
Ashenzari was exalted by your worship.
You were near starving.

You visited 10 branches of the dungeon, and saw 45 of its levels.
You also visited: Sewer, Volcano and Desolation.

You collected 6122 gold pieces.
You spent 4574 gold pieces at shops.

Inventory:

Armour
 b - a cursed +2 hat of magic resistance (worn)
 e - a cursed +5 shield of reflection (worn)
 q - cursed +10 pearl dragon scales (worn)
 I - a cursed +2 pair of gloves (worn)
 U - a cursed +0 pair of boots (worn)
 Z - a cursed scarf of resistance (worn)
Magical Staves
 R - a cursed staff of power (weapon)
Jewellery
 n - the ring of Edwashoz {rCorr Int+4}
   (You took it off a deep elf elementalist on level 5 of the Vaults)

   [ring of resist corrosion]

   It affects your intelligence (+4).
   It provides partial protection from all sources of acid and corrosion.
 o - the cursed ring "Puud" (right hand) {+Inv MR+ Int+7}
   (You took it off an imperial myrmidon in the Desolation of Salt)

   [ring of protection from magic]

   It affects your intelligence (+7).
   It affects your resistance to hostile enchantments.
   It lets you turn invisible.
   It has a curse placed upon it.
 u - the ring of Phasing {EV+8}
   (You took it off an ironheart preserver on level 5 of the Vaults)

   [ring of evasion]

   It affects your evasion (+8).
 y - an uncursed ring of wizardry
 H - a cursed +4 amulet of reflection (around neck)
 J - the ring "Muhak" {Fire rElec Str-5 Dex+7}
   (You took it off an ogre mage on level 2 of the Depths)

   [ring of fire]

   It enhances your fire magic.
   It affects your strength (-5).
   It affects your dexterity (+7).
   It protects you from fire.
   It makes you vulnerable to cold.
   It insulates you from electricity.
 V - a cursed ring of magical power (left hand)
Wands
 a - a wand of paralysis (26)
 l - a wand of clouds (17)
 s - a wand of acid (8)
 w - a wand of iceblast (58)
 C - a wand of enslavement (14)
 P - a wand of disintegration (19)
 S - a wand of digging (6)
 W - a wand of flame (77)
Scrolls
 c - 11 scrolls of remove curse
 f - 5 scrolls of amnesia
 g - 8 scrolls of immolation
 i - 36 scrolls of identify
 k - 5 scrolls of blinking
 m - 10 scrolls of fear
 p - 3 scrolls of summoning
 t - 17 scrolls of teleportation
 v - a scroll of silence
 x - 5 scrolls of fog
 E - 11 scrolls of magic mapping
 T - 2 scrolls of holy word
Potions
 d - 10 potions of curing
 h - 5 potions of haste
 j - 4 potions of ambrosia
 B - 5 potions of mutation
 D - 3 potions of brilliance
 F - 6 potions of flight
 G - 4 potions of berserk rage
 M - 2 potions of lignification
 N - 4 potions of heal wounds
 O - 3 potions of magic
 Q - 3 potions of cancellation
Miscellaneous
 r - a lamp of fire
 A - 2 sacks of spiders
 K - a phial of floods
 L - a lightning rod (4/4)
 X - a lamp of fire
 Y - a box of beasts
Comestibles
 z - 43 rations


   Skills:
 + Level 15.8 Fighting
 + Level 15.8 Short Blades
 + Level 15.8 Long Blades
 + Level 15.8 Axes
 + Level 15.8 Maces & Flails
 + Level 15.8 Polearms
 + Level 15.8 Staves
 + Level 15.8 Slings
 + Level 15.8 Bows
 + Level 15.8 Crossbows
 + Level 15.8 Throwing
 + Level 15.8(19.7) Armour
 + Level 16.3(20.1) Dodging
 + Level 16.2 Stealth
 + Level 15.8(18.3) Shields
 + Level 15.8 Unarmed Combat
 + Level 16.9(20.7) Spellcasting
 + Level 13.7(17.8) Conjurations
 + Level 13.6(17.7) Hexes
 + Level 13.6(17.7) Charms
 + Level 13.7(17.8) Summonings
 + Level 13.6(17.7) Necromancy
 + Level 13.7(17.8) Translocations
 + Level 13.6(17.7) Transmutations
 + Level 13.6(17.7) Fire Magic
 + Level 13.6(17.7) Ice Magic
 + Level 13.6(17.7) Air Magic
 + Level 13.6(17.7) Earth Magic
 + Level 13.6(17.7) Poison Magic
 + Level 17.0 Invocations
 + Level 15.8(19.7) Evocations


You had 13 spell levels left.
You knew the following spells:

 Your Spells              Type           Power        Failure   Level  Hunger
a - Magic Dart            Conj           ####         0%          1    None
b - Blink                 Tloc           N/A          0%          2    None
c - Malign Gateway        Summ/Tloc      ########..   1%          7    None
d - Deflect Missiles      Chrm/Air       ########..   1%          6    None
i - Discord               Hex            ########..   12%         8    ###....
o - Orb of Destruction    Conj           ########..   1%          7    None
s - Statue Form           Tmut/Erth      ########.    1%          6    None
S - Spellforged Servitor  Conj/Summ      ########..   1%          7    None

Your spell library contained the following spells:

 Spells                   Type           Power        Failure   Level  Hunger
 Apportation              Tloc           ######       0%          1    None
 Corona                   Hex            #######      0%          1    None
 Foxfire                  Conj/Fire      ####         0%          1    None
 Freeze                   Ice            ####         0%          1    None
 Sting                    Tmut/Pois      ####         0%          1    None
 Summon Butterflies       Summ           ########     0%          1    None
 Summon Small Mammal      Summ           ####         0%          1    None
 Call Imp                 Summ           ########     0%          2    None
 Ensorcelled Hibernation  Hex/Ice        ######       0%          2    None
 Passwall                 Tmut/Erth      ########     0%          2    None
 Poisonous Vapours        Pois/Air       ######       0%          2    None
 Shroud of Golubria       Chrm/Tloc      ######       0%          2    None
 Slow                     Hex            ########     0%          2    None
 Song of Slaying          Chrm           ########     0%          2    None
 Sublimation of Blood     Necr           ########..   0%          2    None
 Swiftness                Chrm/Air       ########     0%          2    None
 Call Canine Familiar     Summ           ########     0%          3    None
 Confuse                  Hex            ########     0%          3    None
 Conjure Flame            Conj/Fire      ########     0%          3    None
 Dazzling Flash           Conj/Hex       ######       0%          3    None
 Gell's Gravitas          Tloc           ########..   0%          3    None
 Ignite Poison            Fire/Tmut/Pois ########     0%          3    None
 Inner Flame              Hex/Fire       ########     0%          3    None
 Lesser Beckoning         Tloc           ########..   0%          3    None
 Mephitic Cloud           Conj/Pois/Air  ########     0%          3    None
 Ozocubu's Armour         Chrm/Ice       ########     0%          3    None
 Portal Projectile        Hex/Tloc       ######       0%          3    None
 Recall                   Summ/Tloc      N/A          0%          3    None
 Summon Guardian Golem    Hex/Summ       ########     0%          3    None
 Teleport Other           Tloc           ########     0%          3    None
 Tukima's Dance           Hex            ########     0%          3    None
 Hailstorm                Conj/Ice       ########     0%          4    None
 Passage of Golubria      Tloc           N/A          0%          4    None
 Summon Ice Beast         Ice/Summ       ########     0%          4    None
 Summon Lightning Spire   Summ/Air       ########     0%          4    None
 Cause Fear               Hex            ########..   1%          4    None
 Leda's Liquefaction      Hex/Erth       ########..   1%          4    None
 Olgreb's Toxic Radiance  Pois           ########     1%          4    None
 Petrify                  Tmut/Erth      ########     1%          4    None
 Alistair's Intoxication  Tmut/Pois      ########     1%          5    None
 Aura of Abjuration       Summ           ########..   1%          5    None
 Bolt of Magma            Conj/Fire/Erth ########..   1%          5    None
 Borgnjor's Vile Clutch   Necr/Erth      ########..   1%          5    None
 Irradiate                Conj/Tmut      ########..   1%          5    None
 Iskenderun's Battlesphe  Conj/Chrm      ########     1%          5    None
 Lee's Rapid Deconstruct  Erth           ########..   1%          5    None
 Silence                  Hex/Air        ########..   1%          5    None
 Summon Demon             Summ           ########..   1%          5    None
 Summon Forest            Summ/Tloc      ########..   1%          5    None
 Summon Mana Viper        Hex/Summ       ########     1%          5    None
 Yara's Violent Unravell  Hex/Tmut       ########..   1%          5    None
 Darkness                 Hex            ########..   1%          6    None
 Eringya's Noxious Bog    Tmut/Pois      ########..   1%          6    None
 Freezing Cloud           Conj/Ice/Air   ########..   1%          6    None
 Hydra Form               Tmut           ########..   1%          6    None
 Invisibility             Hex            ########     1%          6    None
 Iron Shot                Conj/Erth      ########..   1%          6    None
 Shadow Creatures         Summ           N/A          1%          6    None
 Dragon Form              Tmut           ########..   1%          7    None
 Monstrous Menagerie      Summ           ########..   1%          7    None
 Ring of Flames           Chrm/Fire      ########..   1%          7    None
 Summon Greater Demon     Summ           ########..   1%          7    None
 Summon Hydra             Summ           ########..   1%          7    None
 Summon Horrible Things   Summ           ########..   11%         8    ###....


Dungeon Overview and Level Annotations

Branches:
Dungeon (15/15)            Temple (1/1) D:4            Lair (5/6) D:11
 Shoals (4/4) Lair:2       Spider (4/4) Lair:3          Orc (2/2) D:10
    Elf (3/3) Orc:2        Vaults (5/5) D:14          Crypt (0/3) Vaults:3
 Depths (5/5) D:15            Zot (1/5) Depths:5      Sewer (visited)
Volcano (visited)         Desolation (visited)
  Slime: Lair:5-6

Altars:
Ashenzari
Cheibriados
Dithmenos
Elyvilon
Fedhas
Gozag
Hepliaklqana
Kikubaaqudgha
Makhleb
Nemelex Xobeh
Okawaru
Qazlal
Ru
Sif Muna
Trog
Uskayaw
Vehumet
Wu Jian
Xom
Yredelemnul
Zin
The Shining One
Beogh

Shops:
D:6 %[[*:   D:7 [?   Orc:1 !   Orc:2 [%[[   Elf:2 :   Shoals:2 (   Shoals:4 *
Vaults:1 }   Vaults:4 [(

Portals:
Hell: Depths:1 Depths:2 Depths:3 Depths:4 Depths:5
Abyss: Depths:1 Depths:3 Depths:4
Pandemonium: Depths:1 Depths:3
Ziggurat: Depths:1
Trove: D:10 (show slimy rune of Zot)

Annotations:
D:13 2 transporters, rose's ghost, journeyman FeVM
Vaults:4 3 runed translucent doors, Arivubam's ghost, veteran KoBe


Innate Abilities, Weirdness & Mutations

Your experience applies equally to all skills.
You have very sharp teeth.
Your uncanny sense of smell can sniff out nearby items.
You are partially covered in large bone plates. (SH +4)
You possess an exceptional clarity of mind.
You occasionally shout uncontrollably at your foes.
Your muscles are strong. (Str +2)


Message History

The white draconian dies!
The moth of wrath struggles against the net.
The red draconian knight mumbles some strange words.
The red draconian knight seems to speed up.
The moth of wrath struggles against the net.
There is a gate leading back out of this place, spattered with blood here.
The moth of wrath struggles against the net.
The net rips apart, and the moth of wrath comes free!
The red draconian knight points at the moth of wrath and mumbles some strange words.
The shard of ice hits the moth of wrath!!!
The moth of wrath dies!
You go up through the gate.
Welcome back to the Depths!
There is a gate to the Realm of Zot here.
You start resting.
HP restored.
You start resting.
Magic restored.
You start waiting.
You are near starving!
Are you sure you want to abandon this character and quit the game? (Confirm with "yes".)

)..).'.....'.'.)...'.##
#.....
.....##...#####...##..##
#..... =....###.##
##.####..## #.....
.....# ### ### ##..##
#..... .....# ##..#
#..... .....# ### ###
##)# #..... .....###.##
##.## ##.###.....
.....##...#####...##
##.).##.....
.....#.....'.'..@..#
#.....#....#
.....##.).#####...##
##...##..... .....###)##
##.## ##.###..... #....#
#'## ### ##'# #.....
##...# #..## ##..#
#..... ≈#...# ##..## ###
##..## #..... .#...#
##..####.####..## ##..##
.§...# ##..##..)##..##
##### .###.#
##.'.....).## #....


There were no monsters in sight!

Vanquished Creatures
  An ancient lich (Vaults:4)
  A juggernaut (Depths:5)
  Boris (twice) (Vaults:3 Depths:3)
  Bai Suzhen (Vaults:3)
  Saint Roka (Orc:2)
  A caustic shrike (Depths:2)
  3 golden dragons
  Jorgrun (Shoals:1)
  4 liches
  A quicksilver dragon (Vaults:4)
  A deep elf blademaster (Elf:3)
  4 titans
  A deep elf master archer (Elf:3)
  A sphinx (Vaults:4)
  A kraken (Shoals:4)
  2 tengu reavers
  Gastronok (D:8)
  3 storm dragons
  An iron dragon (Depths:3)
  3 deep elf sorcerers
  A daeva (Depths:1)
  6 frost giants
  Donald (Orc:2)
  Louise (Elf:3)
  An emperor scorpion (shapeshifter) (Vaults:5)
  4 ghost moths
  An imperial myrmidon (Desolation)
  2 angels (Depths:1)
  Aizul (Elf:3)
  8 fire giants
  8 vault wardens
  4 ironheart preservers
  2 deep elf elementalists
  2 draconian stormcallers (Depths:5)
  2 very ugly things
  10 stone giants
  2 entropy weavers
  A lorocyproca (Depths:1)
  3 vampire knights
  9 deep elf demonologists
  7 deep elf annihilators
  A purple draconian (Depths:5)
  A red draconian (Depths:5)
  A halazid warlock (Desolation)
  A spark wasp (Depths:5)
  A pale draconian (Depths:5)
  6 ettins
  A green death (Depths:3)
  Snorg (D:14)
  4 deep elf death magi
  5 fire dragons
  2 yaktaur captains
  6 great orbs of eyes
  Erolcha (Orc:2)
  2 deep elf high priests
  2 spriggan air magi
  Fannar (D:10)
  A ragged hierophant (Desolation)
  3 peacekeepers (Desolation)
  An ice dragon (Vaults:5)
  4 rakshasas
  A catoblepas (Shoals:3)
  10 vault guards
  3 hydras
  22 dancing weapons
  9 merfolk aquamancers
  10 two-headed ogres
  2 satyrs (Shoals:4)
  5 ogre magi
  6 spriggan berserkers
  6 centaur warriors
  An alligator snapping turtle (Shoals:4)
  2 deep troll earth magi
  4 deep troll shamans
  A tengu warrior (Depths:2)
  5 orc high priests (Orc:2)
  A hell knight (Depths:2)
  A titan skeleton (Depths:4)
  A sun demon (Depths:1)
  Nergalle (Lair:4)
  14 deep elf knights
  3 shadow wraiths
  A spriggan (Depths:2)
  A sixfirhy (Depths:1)
  A skeletal warrior (Vaults:2)
  A spark wasp zombie (Depths:1)
  8 sea snakes
  3 cherubim (Depths:1)
  7 deep trolls
  7 unseen horrors
  2 necromancers
  3 deep elf archers
  A phantasmal warrior (Vaults:2)
  3 glowing orange brains
  8 harpies
  9 ironbrand convokers
  9 wolf spider zombies (Spider:3)
  7 orc sorcerers
  10 orb spiders
  6 orc knights
  6 ugly things
  15 wolf spiders
  4 cyclopes
  47 deep elf magi
  A sphinx zombie (Depths:1)
  7 fauns
  6 merfolk sirens
  7 manticores
  7 elephants
  Maurice (D:8)
  A water nymph (Shoals:3)
  3 black mambas
  7 torpor snails
  7 vault sentinels
  2 moths of wrath (Spider:3)
  3 centaur skeletons
  9 spiny frogs
  2 kobold demonologists
  A komodo dragon (shapeshifter) (Vaults:3)
  7 yaktaurs
  6 redback zombies (Spider:3)
  7 komodo dragons
  An efreet (D:13)
  5 demonic crawlers
  4 freezing wraiths
  16 merfolk
  A harpy zombie (D:14)
  19 jumping spiders
  A wind drake (shapeshifter) (Vaults:3)
  6 hornets
  3 polar bears (D:9)
  A meliai (shapeshifter) (Elf:3)
  4 trolls
  2 wind drakes
  17 blink frogs
  15 slime creatures
  19 saltlings (Desolation)
  Prince Ribbit (D:5)
  8 dream sheep
  12 tarantella zombies (Spider:3)
  7 snapping turtles
  A spriggan zombie (Depths:1)
  2 human simulacra (Vaults:1)
  A large abomination (Depths:3)
  8 hippogriffs
  2 air elementals
  41 redbacks
  10 tarantellas
  18 water elementals
  39 yaks
  5 wraiths
  2 basilisks
  3 fire elementals
  2 wyverns
  Grum (D:8)
  A hog (shapeshifter) (Depths:2)
  A hog (D:9)
  Menkaure (D:5)
  Eustachio (D:4)
  3 vampire mosquitoes
  A basilisk (shapeshifter) (Depths:2)
  6 hungry ghosts
  3 wargs (Orc:2)
  An acid dragon (D:12)
  4 water moccasins
  4 hell hounds
  18 porcupines
  5 ice beasts
  2 sky beasts
  51 orc warriors
  A necrophage (D:8)
  A black bear (shapeshifter) (Vaults:2)
  4 black bears (D:9)
  3 phantoms
  6 boggarts
  An eye of draining (D:14)
  11 wolves
  24 ogres
  14 crocodiles
  7 centaurs
  A small abomination (Depths:3)
  2 big kobolds
  20 bullfrogs
  2 earth elementals (Elf:1)
  6 scorpions
  A wyvern skeleton (D:12)
  A troll zombie (D:10)
  16 killer bees
  23 wights
  3 electric eels
  3 howler monkeys
  3 crimson imps
  A quasit (D:13)
  4 human zombies (D:9)
  36 orc priests
  4 centaur zombies
  8 hounds
  6 jellies
  A gnoll shaman (D:4)
  Crazy Yiuf (D:5)
  Ijyb (D:4)
  3 bullfrog skeletons
  3 iguanas
  3 human skeletons
  35 orc wizards
  18 worker ants
  5 ogre zombies (D:10)
  A hound zombie (D:9)
  A mummy (D:9)
  A worker ant zombie (D:9)
  Robin (D:4)
  A howler monkey skeleton (D:4)
  11 adders
  8 gnolls (D:4)
  3 river rats (Sewer)
  5 shadow imps
  An adder zombie (D:5)
  3 worms
  6 dart slugs (D:6)
  8 leopard geckos
  128 orcs
  2 ball pythons
  2 giant cockroaches
  14 goblins
  10 hobgoblins
  7 jackals
  3 quokkas
  5 bats
  4 frilled lizards
  A goblin skeleton (D:10)
  7 goblin zombies (D:10)
  2 hobgoblin skeletons (D:10)
  A jackal skeleton (D:5)
  7 kobolds
  2 leopard gecko skeletons (D:4)
  An orc skeleton (D:10)
  8 orc zombies (D:10)
  A quokka skeleton (D:6)
  7 rats
  2 plants (Shoals:3)
  A tentacle (Shoals:4)
1432 creatures vanquished.

Vanquished Creatures (collateral kills)
  An orb of fire (Zot:1)
  Mennas (Depths:1)
  An ancient lich (Vaults:4)
  Boris (Vaults:4)
  Margery (Depths:2)
  Xtahua (Depths:4)
  4 golden dragons
  the Enchantress (Depths:2)
  Arachne (Spider:3)
  2 tentacled monstrosities (Vaults:5)
  A deep elf blademaster (Elf:3)
  3 quicksilver dragons
  4 liches
  2 titans (Vaults:5)
  A kraken (Shoals:3)
  An eldritch tentacle (Vaults:5)
  Polyphemus (Shoals:3)
  3 tengu reavers (Vaults:5)
  3 sphinxes
  2 shadow dragons
  3 storm dragons
  4 fire giants
  2 deep elf sorcerers
  2 daevas (Depths:1)
  2 ghost moths (Spider:4)
  2 imperial myrmidons (Desolation)
  4 frost giants
  A caustic shrike zombie (Depths:1)
  6 vault wardens
  3 deep elf elementalists
  An angel (Depths:1)
  3 emperor scorpions
  3 spriggan defenders (Depths:2)
  A reaper (Depths:3)
  12 ironheart preservers
  4 war gargoyles (Vaults:5)
  6 very ugly things
  9 stone giants
  2 entropy weavers
  A green draconian (Zot:1)
  A purple draconian (Depths:5)
  A halazid warlock (Desolation)
  2 deep elf demonologists
  5 spark wasps
  2 deep elf annihilators (Elf:3)
  2 yellow draconians (Depths:5)
  A pale draconian (Depths:5)
  A red draconian (Depths:5)
  3 deep elf death magi
  2 merfolk javelineers (Shoals:4)
  5 fire dragons
  2 crystal guardians (Desolation)
  6 ettins
  4 death knights
  8 yaktaur captains
  5 deep elf high priests
  4 ragged hierophants (Desolation)
  A centaur warrior (Vaults:4)
  3 merfolk impalers (Shoals:4)
  2 rakshasas
  5 ice dragons
  7 great orbs of eyes
  9 ogre magi
  6 servants of whispers (Desolation)
  2 hydras (D:9)
  27 vault guards
  8 peacekeepers (Desolation)
  A spriggan air mage (Depths:2)
  4 merfolk avatars
  A satyr (Shoals:4)
  26 two-headed ogres
  3 merfolk aquamancers
  3 deep troll shamans
  3 hell hogs (Depths:5)
  9 dancing weapons
  5 tengu warriors
  A queen ant (shapeshifter) (Depths:3)
  4 death yaks (Shoals:3)
  8 deep troll earth magi
  2 spriggan berserkers
  A shock serpent (shapeshifter) (Depths:3)
  A spriggan (Depths:2)
  The ghost of Borgoz the Basher, a novice GrFi of Ashenzari (D:9)
  A soul eater (Depths:3)
  7 deep elf knights
  An iron troll (Depths:4)
  4 hell knights
  A cherub (Depths:1)
  4 sea snakes
  2 flayed ghosts
  A sea snake (shapeshifter) (Vaults:2)
  17 deep trolls
  5 deep elf archers
  A wizard (Vaults:3)
  A golden dragon skeleton (Depths:4)
  7 harpies
  3 necromancers
  6 phantasmal warriors
  9 orb spiders
  2 wolf spider zombies (Spider:3)
  A tengu zombie (Vaults:4)
  6 orc knights
  38 ugly things
  23 ironbrand convokers
  16 wolf spiders
  2 fauns (Shoals:2)
  19 deep elf magi
  7 cyclopes (Shoals:1)
  6 manticores
  A manticore (shapeshifter) (Vaults:5)
  2 moths of wrath
  2 guardian serpents (Desolation)
  4 merfolk sirens
  A torpor snail (Spider:1)
  10 vault sentinels
  A water nymph (Shoals:4)
  A kobold demonologist (D:14)
  An elf skeleton (Depths:4)
  20 yaktaurs
  A tengu conjurer (Depths:2)
  2 ice devils (Depths:1)
  4 freezing wraiths
  A spark wasp simulacrum (Depths:1)
  2 demonic crawlers
  A troll (Vaults:3)
  A yaktaur skeleton (Vaults:4)
  A red devil (Depths:1)
  10 merfolk
  21 jumping spiders
  12 hornets
  2 polar bears (D:9)
  A hippogriff (Shoals:4)
  46 saltlings (Desolation)
  A shadow dragon simulacrum (Depths:4)
  A tyrant leech (shapeshifter) (Elf:3)
  A wind drake (shapeshifter) (Elf:3)
  A tarantella zombie (Spider:3)
  22 slime creatures
  3 snapping turtles
  A stone giant simulacrum (Vaults:2)
  6 tarantellas
  2 wyverns (D:14)
  An elf zombie (Depths:4)
  6 yaks
  7 water elementals
  A human (shapeshifter) (Vaults:5)
  37 redbacks
  3 steam dragons (Depths:5)
  4 vampire mosquitoes
  A chaos spawn (Depths:3)
  2 wargs
  An insubstantial wisp (Depths:3)
  A warg (shapeshifter) (Vaults:5)
  2 acid dragons
  2 floating eyes (Depths:2)
  4 hell hounds (Depths:5)
  19 ogres
  2 black bears (D:9)
  10 orc warriors
  3 centaurs
  A human zombie (Vaults:1)
  3 boggarts
  2 human skeletons
  A big kobold (D:14)
  2 earth elementals (Elf:3)
  A wight (D:7)
  An electric eel (Spider:4)
  A howler monkey (D:14)
  A crimson imp (Depths:1)
  2 orc priests
  A hound (D:9)
  A white imp (Vaults:1)
  An ufetubus (Depths:1)
  A worm (D:4)
  21 orcs
  2 kobolds (D:14)
  A plant (Shoals:4)
  A tentacle (Shoals:3)
829 creatures vanquished.

Vanquished Creatures (others)
  A deep elf master archer (Elf:3)
  20 eldritch tentacles
  A tengu reaver (Depths:4)
  A frost giant (Vaults:5)
  An imperial myrmidon (Desolation)
  A vault warden (Vaults:4)
  An ironheart preserver (Vaults:1)
  A very ugly thing (Depths:3)
  A black draconian (Zot:1)
  A stone giant (Depths:4)
  An entropy weaver (Vaults:5)
  A deep elf demonologist (Vaults:4)
  A white draconian (Zot:1)
  2 ogre magi
  6 yaktaur captains
  A fire dragon (Vaults:2)
  2 servants of whispers (Desolation)
  2 deep elf high priests
  A great orb of eyes (Depths:4)
  4 vault guards
  4 centaur warriors
  2 two-headed ogres
  An anaconda (shapeshifter) (Vaults:4)
  A spriggan berserker (Depths:2)
  A hell knight (Depths:2)
  A deep troll (Vaults:3)
  An unseen horror (Depths:3)
  A cherub (Depths:1)
  2 ironbrand convokers (Desolation)
  2 deep elf archers
  2 deep elf magi
  An orc knight (Vaults:3)
  A wolf spider (Depths:3)
  A necromancer (Vaults:4)
  2 ugly things (Vaults:2)
  A slime creature (Depths:3)
  2 moths of wrath (Zot:1)
  A torpor snail (Depths:4)
  20 yaktaurs
  A freezing wraith (Vaults:5)
  2 jumping spiders (Spider:1)
  2 hornets
  A saltling (Desolation)
  2 redbacks
  A water elemental (Depths:2)
  A vampire mosquito (Depths:3)
  2 acid dragons (Depths:5)
  An orc warrior (Vaults:4)
  A phantom (Depths:3)
  2 ogres
  5 centaurs
  A scorpion (Depths:3)
  A crimson imp (Depths:1)
  A quasit (Depths:1)
  A hell rat (Depths:3)
  A white imp (Depths:1)
  An orc (Orc:2)
  A giant cockroach (Depths:3)
  5 fungi
  An orb of destruction (Desolation)
  19 plants
  7 tentacles
157 creatures vanquished.

Grand Total: 2418 creatures vanquished

Notes
Turn   | Place    | Note
-------+----------+-------------------------------------------
     0 | D:1      | twoshot the Gnoll Wizard began the quest for the Orb.
     0 | D:1      | Reached XP level 1. HP: 13/13 MP: 8/8
   370 | D:1      | Reached XP level 2. HP: 19/19 MP: 6/10
   968 | D:2      | Reached XP level 3. HP: 25/25 MP: 5/11
   972 | D:2      | Learned a level 2 spell: Blink
   975 | D:2      | Learned a level 2 spell: Call Imp
  1718 | D:2      | Reached skill level 1 in Invocations
  1792 | D:2      | Learned a level 3 spell: Mephitic Cloud
  2155 | D:3      | Reached skill level 1 in Fighting
  2155 | D:3      | Reached skill level 1 in Short Blades
  2155 | D:3      | Reached skill level 1 in Long Blades
  2155 | D:3      | Reached skill level 1 in Axes
  2155 | D:3      | Reached skill level 1 in Maces & Flails
  2155 | D:3      | Reached skill level 1 in Polearms
  2155 | D:3      | Reached skill level 1 in Staves
  2155 | D:3      | Reached skill level 1 in Slings
  2155 | D:3      | Reached skill level 1 in Bows
  2155 | D:3      | Reached skill level 1 in Crossbows
  2155 | D:3      | Reached skill level 1 in Throwing
  2155 | D:3      | Reached skill level 1 in Armour
  2155 | D:3      | Reached skill level 1 in Shields
  2155 | D:3      | Reached skill level 1 in Unarmed Combat
  2155 | D:3      | Reached skill level 1 in Evocations
  2155 | D:3      | Reached XP level 4. HP: 32/32 MP: 5/13
  2349 | D:3      | Reached skill level 1 in Hexes
  2349 | D:3      | Reached skill level 1 in Charms
  2349 | D:3      | Reached skill level 1 in Necromancy
  2349 | D:3      | Reached skill level 1 in Transmutations
  2349 | D:3      | Reached skill level 1 in Fire Magic
  2349 | D:3      | Reached skill level 1 in Ice Magic
  2349 | D:3      | Reached skill level 1 in Air Magic
  2349 | D:3      | Reached skill level 1 in Earth Magic
  2349 | D:3      | Reached skill level 1 in Poison Magic
  2628 | D:3      | Reached XP level 5. HP: 36/37 MP: 1/14
  3157 | D:4      | Noticed an ogre
  3244 | D:4      | Noticed an ogre
  3247 | D:4      | Noticed Ijyb
  3253 | D:4      | Gained mutation: You occasionally shout uncontrollably at
                  | your foes. [potion of mutation]
  3253 | D:4      | Gained mutation: You are dopey. (Int -2) [potion of
                  | mutation]
  3253 | D:4      | Gained mutation: You have sharp toenails. [potion of
                  | mutation]
  3253 | D:4      | Gained mutation: You have razor-sharp toenails. [potion of
                  | mutation]
  3262 | D:4      | Killed Ijyb
  3268 | D:4      | Reached XP level 6. HP: 39/44 MP: 9/16
  3278 | D:4      | Reached skill level 2 in Invocations
  3283 | D:4      | Reached skill level 5 in Dodging
  3573 | D:4      | Noticed Eustachio
  3581 | D:4      | Killed Eustachio
  3581 | D:4      | Reached XP level 7. HP: 49/50 MP: 18/18
  3903 | D:4      | Found a staircase to the Ecumenical Temple.
  4118 | D:4      | Reached skill level 5 in Stealth
  4126 | D:4      | Reached skill level 3 in Invocations
  4315 | D:4      | Reached XP level 8. HP: 47/57 MP: 10/19
  4570 | Temple   | Entered the Ecumenical Temple
  4792 | Temple   | Became a worshipper of Ashenzari the Shackled
  4847 | D:4      | Noticed Robin
  4878 | D:4      | Killed Robin
  5129 | D:5      | Entered Level 5 of the Dungeon
  5260 | D:5      | Noticed Menkaure
  5267 | D:5      | Killed Menkaure
  5524 | D:5      | Noticed Prince Ribbit
  5532 | D:5      | Killed Prince Ribbit
  5600 | D:5      | Reached skill level 4 in Invocations
  5809 | D:4      | Reached XP level 9. HP: 56/65 MP: 5/21
  6272 | D:5      | Found a runed translucent door.
  6273 | D:5      | Noticed Crazy Yiuf
  6285 | D:5      | Killed Crazy Yiuf
  6365 | D:6      | Found an iron altar of Okawaru.
  6383 | D:6      | Found Zonuck's Food Boutique.
  6465 | D:6      | Found Yliranoe's Armour Emporium.
  6538 | D:6      | Found a glowing drain.
  6542 | Sewer    | Entered a sewer
  6826 | Sewer    | Found a white marble altar of Elyvilon.
  7037 | D:6      | Found Posuakk's Book Emporium.
  7300 | D:6      | Reached * piety under Ashenzari
  7300 | D:6      | Found Juorrure's General Store.
  7442 | D:6      | Found Iweeffij's Antique Armour Boutique.
  8097 | D:7      | Found a burning altar of Makhleb.
  8121 | D:7      | Found Efan's Antique Armour Boutique.
  8708 | D:7      | Found Ahec Buo's Magic Scroll Shoppe.
  8808 | D:7      | Found a glowing silver altar of Zin.
  9139 | D:8      | Noticed Grum
  9149 | D:8      | Reached skill level 5 in Invocations
  9171 | D:8      | Killed Grum
  9435 | D:8      | Reached XP level 10. HP: 73/73 MP: 16/22
  9653 | D:6      | Bought a book of Power for 495 gold pieces
  9659 | D:6      | Learned a level 5 spell: Iskenderun's Battlesphere
  9665 | D:6      | Learned a level 5 spell: Bolt of Magma
  9804 | D:8      | Identified the +7 falchion "Ismirghioga" {slice, rC+ Int+4}
 10094 | D:8      | Noticed Maurice
 10111 | D:8      | Killed Maurice
 10111 | D:8      | Reached skill level 5 in Fighting
 10111 | D:8      | Reached skill level 5 in Short Blades
 10111 | D:8      | Reached skill level 5 in Long Blades
 10111 | D:8      | Reached skill level 5 in Axes
 10111 | D:8      | Reached skill level 5 in Maces & Flails
 10111 | D:8      | Reached skill level 5 in Polearms
 10111 | D:8      | Reached skill level 5 in Staves
 10111 | D:8      | Reached skill level 5 in Slings
 10111 | D:8      | Reached skill level 5 in Bows
 10111 | D:8      | Reached skill level 5 in Crossbows
 10111 | D:8      | Reached skill level 5 in Throwing
 10111 | D:8      | Reached skill level 5 in Armour
 10111 | D:8      | Reached skill level 5 in Shields
 10111 | D:8      | Reached skill level 5 in Unarmed Combat
 10111 | D:8      | Reached skill level 5 in Evocations
 10352 | D:8      | Reached ** piety under Ashenzari
 10369 | D:8      | Noticed Gastronok
 10391 | D:9      | Found an ancient bone altar of Kikubaaqudgha.
 10537 | D:9      | Found a runed translucent gate.
 10537 | D:9      | Found a runed translucent gate.
 10538 | D:9      | Found a runed translucent gate.
 10538 | D:9      | Noticed an 11-headed hydra
 10538 | D:9      | Noticed Borgoz's ghost (novice GrFi)
 10538 | D:9      | Noticed a nine-headed hydra
 10539 | D:9      | Identified the +2 scimitar of Sanoch {slice, MR+ Str+2
                  | Int+2 Dex+4}
 11323 | D:9      | Found a hazy altar of Hepliaklqana.
 11512 | D:9      | Found a huge runed translucent gate.
 11513 | D:9      | Found a huge runed translucent gate.
 11514 | D:9      | Found a huge runed translucent gate.
 11515 | D:9      | Noticed a manticore
 11516 | D:9      | Noticed a manticore
 11529 | D:9      | Found a huge runed translucent gate.
 12139 | D:9      | Reached skill level 5 in Conjurations
 12139 | D:9      | Reached skill level 5 in Summonings
 12139 | D:9      | Reached skill level 5 in Translocations
 12140 | D:9      | Found an ancient bone altar of Kikubaaqudgha.
 12275 | D:9      | Reached skill level 6 in Invocations
 12681 | D:10     | Entered Level 10 of the Dungeon
 12733 | D:10     | Noticed Fannar
 12754 | D:10     | Killed Fannar
 12754 | D:10     | Reached XP level 11. HP: 69/81 MP: 24/24
 13637 | D:10     | Found a portal to a secret trove of treasure.
 13953 | D:10     | Reached skill level 5 in Hexes
 13953 | D:10     | Reached skill level 5 in Charms
 13953 | D:10     | Reached skill level 5 in Necromancy
 13953 | D:10     | Reached skill level 5 in Transmutations
 13953 | D:10     | Reached skill level 5 in Fire Magic
 13953 | D:10     | Reached skill level 5 in Ice Magic
 13953 | D:10     | Reached skill level 5 in Air Magic
 13953 | D:10     | Reached skill level 5 in Earth Magic
 13953 | D:10     | Reached skill level 5 in Poison Magic
 14343 | D:10     | Found a staircase to the Orcish Mines.
 15134 | D:11     | Reached skill level 7 in Invocations
 15326 | D:11     | Found a staircase to the Lair.
 15381 | D:11     | Noticed a seven-headed hydra
 15419 | D:11     | Killed a seven-headed hydra
 15821 | D:11     | Reached *** piety under Ashenzari
 16513 | Lair:1   | Entered Level 1 of the Lair of Beasts
 16558 | Lair:1   | Reached XP level 12. HP: 89/89 MP: 25/25
 16840 | Lair:1   | Identified the +7 spear of Entrepreneurial Spirit {flame,
                  | rF+}
 16935 | Lair:1   | Reached skill level 10 in Spellcasting
 18032 | Lair:2   | Reached skill level 8 in Invocations
 18281 | Lair:2   | Found a staircase to the Shoals.
 18667 | Lair:2   | Reached **** piety under Ashenzari
 19278 | Lair:3   | Noticed a four-headed hydra
 19291 | Lair:2   | Killed a four-headed hydra
 19489 | Lair:3   | Found a dark tunnel.
 19508 | Volcano  | Entered a volcano
 19816 | Volcano  | Noticed a hell hog
 19820 | Volcano  | Noticed a two-headed ogre
 19821 | Volcano  | Noticed a two-headed ogre
 19987 | Lair:3   | Reached XP level 13. HP: 98/98 MP: 27/27
 20410 | Lair:3   | Found a hole to the Spider Nest.
 21742 | Lair:4   | Reached skill level 9 in Invocations
 21991 | Lair:4   | Noticed Nergalle
 21997 | Lair:4   | Killed Nergalle
 22396 | Lair:4   | Found a snail-covered altar of Cheibriados.
 23235 | Lair:5   | Reached XP level 14. HP: 106/106 MP: 29/29
 23536 | Lair:5   | Found a bloodstained altar of Trog.
 23545 | Lair:5   | Reached skill level 10 in Dodging
 24247 | Orc:1    | Entered Level 1 of the Orcish Mines
 24372 | D:8      | Killed Gastronok
 24748 | D:6      | Bought a book of Transfigurations for 605 gold pieces
 24755 | D:6      | Learned a level 6 spell: Statue Form
 24921 | Orc:1    | Found a roughly hewn altar of Beogh.
 24980 | Orc:1    | Reached ***** piety under Ashenzari
 25131 | Orc:1    | Reached XP level 15. HP: 112/113 MP: 24/30
 25213 | Orc:1    | Reached skill level 10 in Stealth
 25651 | Orc:1    | Found Okattaosh's Distillery.
 25685 | Orc:2    | Entered Level 2 of the Orcish Mines
 25918 | Orc:2    | Noticed Erolcha
 25923 | Orc:2    | Killed Erolcha
 26474 | Orc:2    | Noticed Saint Roka
 26492 | Orc:2    | Reached skill level 10 in Invocations
 26502 | Orc:2    | Killed Saint Roka
 26824 | Orc:2    | Found a roughly hewn altar of Beogh.
 27011 | Orc:2    | Found Kutz's Food Shoppe.
 27188 | Orc:2    | Found Bootwul's Armour Shop.
 27997 | Orc:2    | Noticed Donald
 28007 | Orc:2    | Killed Donald
 28082 | Orc:2    | Identified the +8 falchion "Lef Vumpa" {flame, +Rage Dex+7}
 28365 | Orc:2    | Found a staircase to the Elven Halls.
 28982 | Orc:2    | Found a roughly hewn altar of Beogh.
 29302 | Orc:2    | Found Ythrei Ikei's Antique Armour Boutique.
 29332 | Orc:2    | Found Gampal's Armour Shop.
 29545 | D:7      | Bought a scroll of remove curse for 33 gold pieces
 29545 | D:7      | Bought a scroll of fear for 38 gold pieces
 29545 | D:7      | Bought a scroll of silence for 82 gold pieces
 29545 | D:7      | Bought a scroll of random uselessness for 11 gold pieces
 29545 | D:7      | Bought a scroll of identify for 22 gold pieces
 29545 | D:7      | Bought a scroll of identify for 22 gold pieces
 29545 | D:7      | Bought a scroll of identify for 22 gold pieces
 29703 | D:7      | Learned a level 7 spell: Orb of Destruction
 29711 | D:7      | Learned a level 7 spell: Spellforged Servitor
 29758 | D:6      | Bought a book of Enchantments for 550 gold pieces
 30055 | D:9      | Killed Borgoz's ghost
 30195 | D:9      | Learned a level 6 spell: Deflect Missiles
 30359 | Spider:1 | Entered Level 1 of the Spider Nest
 31060 | Spider:1 | Reached skill level 10 in Fighting
 31060 | Spider:1 | Reached skill level 10 in Short Blades
 31060 | Spider:1 | Reached skill level 10 in Long Blades
 31060 | Spider:1 | Reached skill level 10 in Axes
 31060 | Spider:1 | Reached skill level 10 in Maces & Flails
 31060 | Spider:1 | Reached skill level 10 in Polearms
 31060 | Spider:1 | Reached skill level 10 in Staves
 31060 | Spider:1 | Reached skill level 10 in Slings
 31060 | Spider:1 | Reached skill level 10 in Bows
 31060 | Spider:1 | Reached skill level 10 in Crossbows
 31060 | Spider:1 | Reached skill level 10 in Throwing
 31060 | Spider:1 | Reached skill level 10 in Armour
 31060 | Spider:1 | Reached skill level 10 in Shields
 31060 | Spider:1 | Reached skill level 10 in Unarmed Combat
 31060 | Spider:1 | Reached skill level 10 in Evocations
 31339 | Spider:1 | Reached XP level 16. HP: 122/122 MP: 32/32
 31774 | Spider:1 | Paralysed by the power of Zot for 2 turns
 32221 | Spider:1 | Identified the +5 flail of Exquisite Torment {pain, rF+
                  | Int+6}
 32474 | Spider:1 | Lost mutation: You have razor-sharp toenails. [potion of
                  | mutation]
 32474 | Spider:1 | Lost mutation: You have sharp toenails. [potion of
                  | mutation]
 32474 | Spider:1 | Gained mutation: You have a pair of small antennae on your
                  | head. [potion of mutation]
 32474 | Spider:1 | Gained mutation: Your movements are slightly less
                  | encumbered by armour. (ER -2) [potion of mutation]
 32475 | Spider:1 | Lost mutation: You have a pair of small antennae on your
                  | head. [potion of mutation]
 32475 | Spider:1 | Lost mutation: You are dopey. (Int -2) [potion of mutation]
 32475 | Spider:1 | Lost mutation: Your movements are slightly less encumbered
                  | by armour. (ER -2) [potion of mutation]
 32475 | Spider:1 | Gained mutation: You possess an exceptional clarity of
                  | mind. [potion of mutation]
 32475 | Spider:1 | Gained mutation: Your muscles are strong. (Str +2) [potion
                  | of mutation]
 32475 | Spider:1 | Gained mutation: You are partially covered in large bone
                  | plates. (SH +4) [potion of mutation]
 32546 | Spider:2 | Reached skill level 11 in Invocations
 33493 | Spider:3 | Noticed Arachne
 33502 | Spider:3 | Killed Arachne
 35720 | Spider:4 | Entered Level 4 of the Spider Nest
 36332 | Spider:4 | Reached XP level 17. HP: 129/129 MP: 28/33
 38360 | D:13     | Noticed rose's ghost (journeyman FeVM)
 38562 | D:13     | Found a transporter.
 38657 | D:13     | Found a transporter.
 38752 | D:13     | Reached ****** piety under Ashenzari
 39004 | D:14     | Noticed Snorg
 39016 | D:14     | Killed Snorg
 39054 | D:14     | Found a gate to the Vaults.
 39241 | D:14     | Reached skill level 12 in Invocations
 39708 | D:14     | Found a shattered altar of Ashenzari.
 40024 | D:15     | Entered Level 15 of the Dungeon
 40125 | D:15     | Found an opulent altar of Gozag.
 40689 | D:15     | Found a staircase to the Depths.
 41143 | Elf:1    | Entered Level 1 of the Elven Halls
 41733 | Elf:1    | Identified the amulet of Viuh {rF+ Regen+ Str+4}
 41827 | Elf:1    | Reached skill level 10 in Conjurations
 41827 | Elf:1    | Reached skill level 10 in Summonings
 41827 | Elf:1    | Reached skill level 10 in Translocations
 41842 | Elf:1    | Identified the +0 leather armour "Meessil" {rC+ Slay+4
                  | Stlth+}
 42366 | Elf:1    | Learned a level 8 spell: Discord
 42733 | Elf:2    | Identified the +11 spear of Articulation {pain, *Slow rPois
                  | Str+8}
 42981 | Elf:2    | Found a runed translucent gate.
 42981 | Elf:2    | Found a runed translucent gate.
 42981 | Elf:2    | Found a runed translucent gate.
 43002 | Elf:2    | Reached XP level 18. HP: 138/138 MP: 35/35
 43127 | Elf:2    | Found Qaum's Book Boutique.
 43139 | Elf:2    | Identified the +8 trident of Anleosots {freeze, MR+}
 43951 | Elf:2    | Reached skill level 10 in Hexes
 43951 | Elf:2    | Reached skill level 10 in Charms
 43951 | Elf:2    | Reached skill level 10 in Necromancy
 43951 | Elf:2    | Reached skill level 10 in Transmutations
 43951 | Elf:2    | Reached skill level 10 in Fire Magic
 43951 | Elf:2    | Reached skill level 10 in Ice Magic
 43951 | Elf:2    | Reached skill level 10 in Air Magic
 43951 | Elf:2    | Reached skill level 10 in Earth Magic
 43951 | Elf:2    | Reached skill level 10 in Poison Magic
 44605 | Elf:3    | Entered Level 3 of the Elven Halls
 45241 | Elf:3    | Identified the +5 chain mail of Okawaru's Benevolence {rC+
                  | Str+4}
 45257 | Elf:3    | Noticed Aizul
 45263 | Elf:3    | Killed Aizul
 45511 | Elf:3    | Identified the +1 trident of Severance {pierce, Str+3}
 45801 | Elf:3    | Identified the +5 ring mail of Ubel {rPois SInv}
 45801 | Elf:3    | Noticed a deep elf master archer
 45804 | Elf:3    | Killed a deep elf master archer
 45805 | Elf:3    | Noticed a Brimstone Fiend
 45961 | Elf:3    | Identified the +1 leather armour "Ziqedeick" {Int+7}
 45971 | Elf:3    | Reached skill level 13 in Invocations
 45981 | Elf:3    | Identified the cursed +0 spear of Cocytus {pierce, *Drain
                  | rPois rF+ MR+}
 45983 | Elf:3    | Noticed Louise
 46163 | Elf:3    | Noticed a Hell Sentinel
 46164 | Elf:3    | Noticed an Ice Fiend
 46424 | Elf:3    | Killed Louise
 47004 | Elf:3    | Identified the +2 halberd of Red Wine {drain, *Rage rPois
                  | Dex+4 Stlth+}
 47020 | Elf:3    | Noticed a deep elf blademaster
 47025 | Elf:3    | Reached XP level 19. HP: 146/146 MP: 36/36
 47714 | Elf:3    | Identified the cursed -2 cloak of Fanaticism {rN+ MR+
                  | Stlth+}
 47716 | Elf:3    | Identified the amulet of the Rabble {Inacc Fragile rC+
                  | Dex+7}
 47847 | Elf:3    | Identified the +5 chain mail of Grottiness {Dex+4}
 49693 | Spider:4 | Got a gossamer rune of Zot
 50000 | Vaults:1 | Entered Level 1 of the Vaults
 52352 | Vaults:1 | Found Dik Otuo's Gadget Shop.
 53081 | Vaults:2 | Noticed a Brimstone Fiend
 53144 | Vaults:2 | Found a ruined gateway.
 53153 | Desolati | Entered the Desolation of Salt
 53379 | Desolati | Learned a level 7 spell: Malign Gateway
 53456 | Desolati | Reached XP level 20. HP: 67/155 MP: 22/38
 53758 | Desolati | Identified the amulet of Puva {Acrobat Int+4 Dex+5}
 53762 | Desolati | Identified the ring "Puud" {+Inv MR+ Int+7}
 53772 | Desolati | Identified the ring of Xazuc {rF+ Dex+3}
 53945 | Desolati | Reached skill level 14 in Invocations
 54367 | Desolati | Identified the Handbook of Blistering Augmentations
 54860 | Desolati | Identified the cursed +1 long sword "Ryjiwn" {flame, +Fly
                  | Str+5 Dex+2}
 57417 | Vaults:3 | Identified the cursed +2 trident "Xuziof" {freeze, rF+
                  | Int+4}
 57930 | Vaults:3 | Noticed Boris
 57938 | Vaults:3 | Killed Boris
 58598 | Vaults:3 | Found a staircase to the Crypt.
 58598 | Vaults:3 | Found a basalt altar of Yredelemnul.
 58599 | Vaults:3 | Found an ancient bone altar of Kikubaaqudgha.
 58796 | Vaults:4 | Found Ygros's Weapon Shop.
 58827 | Vaults:4 | Reached XP level 21. HP: 163/163 MP: 4/39
 59097 | Vaults:4 | Found Nuoptuj's Antique Armour Emporium.
 59101 | Vaults:4 | Bought a heavy robe for 142 gold pieces
 59101 | Vaults:4 | Identified the +3 robe of Tisisoiw {rCorr Dex+2} (You
                  | bought it in a shop on level 4 of the Vaults)
 59247 | Vaults:4 | Noticed Boris
 59276 | Vaults:4 | Killed Boris
 59497 | Vaults:4 | Noticed Bai Suzhen
 59523 | Vaults:3 | Killed Bai Suzhen
 59967 | Vaults:4 | Found a runed translucent gate.
 59968 | Vaults:4 | Found a runed translucent gate.
 59968 | Vaults:4 | Found a runed translucent gate.
 60179 | Vaults:4 | Reached skill level 15 in Spellcasting
 61155 | Vaults:4 | Noticed Arivubam's ghost (veteran KoBe)
 61159 | Vaults:4 | Identified the +1 hat "Enuuqekonn" {Regen+ Str+5}
 61211 | Vaults:5 | Entered Level 5 of the Vaults
 61214 | Vaults:5 | Noticed a golden dragon
 61232 | Vaults:4 | Killed a golden dragon
 61766 | Vaults:5 | Identified the ring of Edwashoz {rCorr Int+4}
 61905 | Vaults:5 | Noticed a golden dragon
 61907 | Vaults:5 | Identified the cursed +0 long sword of Purpose {slice,
                  | +Rage Str+2}
 62171 | Vaults:5 | Noticed an ancient lich
 62173 | Vaults:5 | Noticed a golden dragon
 62174 | Vaults:5 | Killed a golden dragon
 62174 | Vaults:5 | Reached skill level 15 in Invocations
 62175 | Vaults:5 | Noticed a golden dragon
 62180 | Vaults:4 | Killed an ancient lich
 62444 | Vaults:5 | Noticed an ancient lich
 62450 | Vaults:5 | Killed a golden dragon
 62451 | Vaults:5 | Killed a golden dragon
 62453 | Vaults:5 | Reached XP level 22. HP: 168/172 MP: 38/41
 62460 | Vaults:4 | HP: 1/223 [ancient lich/crystal spear (87)]
 62461 | Vaults:4 | Killed an ancient lich
 63760 | Vaults:5 | Identified the +4 plate armour of Darih {SInv} (You took it
                  | off a deep elf high priest on level 5 of the Vaults)
 64048 | Vaults:5 | Identified the +2 mace "Natwepn" {crush, Str+5 Stlth+}
 64501 | Vaults:5 | Got a silver rune of Zot
 64632 | Vaults:5 | Identified the cursed +1 hand crossbow of the Whale {elec,
                  | rN+}
 64843 | Vaults:5 | Noticed an ancient lich
 65292 | D:7      | Bought shiny pearl dragon scales for 2552 gold pieces
 65484 | Shoals:1 | Entered Level 1 of the Shoals
 65853 | Shoals:1 | Noticed Jorgrun
 65857 | Shoals:1 | Killed Jorgrun
 66707 | Shoals:2 | Found Duqo's Weapon Emporium.
 67148 | Shoals:3 | Reached skill level 15 in Dodging
 67365 | Shoals:3 | Noticed Polyphemus
 67371 | Shoals:3 | Killed Polyphemus
 68303 | Shoals:4 | Entered Level 4 of the Shoals
 68419 | Shoals:4 | Reached skill level 15 in Stealth
 68766 | Shoals:4 | Identified the ring "Doshrux" {Ice rN+ Str+3 Dex-3}
 68841 | Shoals:4 | Found Faskecs's Assorted Antiques.
 68925 | Shoals:4 | Got a barnacled rune of Zot
 69136 | Shoals:4 | Reached XP level 23. HP: 179/179 MP: 42/42
 70095 | Depths:1 | Entered Level 1 of the Depths
 70345 | Depths:1 | Identified the +1 leather armour of the Greedy {rElec Str+4
                  | Int+4}
 70923 | Depths:1 | Found a gateway to Hell.
 70934 | Depths:1 | Found a gateway to a ziggurat.
 71289 | Depths:1 | Found a one-way gate to the infinite horrors of the Abyss.
 71431 | Depths:1 | Found a one-way gate leading to the halls of Pandemonium.
 72148 | Depths:1 | Found a glowing silver altar of Zin.
 72148 | Depths:1 | Identified the +6 large shield of the Ancient Ships {rCorr
                  | Str+3 Int+5}
 72148 | Depths:1 | Noticed Mennas
 72368 | Depths:1 | Killed Mennas
 72811 | Depths:2 | Paralysed by a floating eye for 4 turns
 72817 | Depths:2 | Paralysed by a floating eye for 2 turns
 73044 | Depths:2 | Found an ancient bone altar of Kikubaaqudgha.
 73082 | Depths:2 | Reached skill level 16 in Invocations
 73429 | Depths:2 | Noticed the Enchantress
 73580 | Depths:2 | Paralysed by a floating eye for 2 turns
 73737 | Depths:2 | Found a snail-covered altar of Cheibriados.
 73776 | Depths:2 | Identified the ring "Muhak" {Fire rElec Str-5 Dex+7}
 73820 | Depths:2 | Killed the Enchantress
 74181 | Depths:2 | Noticed Margery
 74196 | Depths:2 | Killed Margery
 74201 | Depths:2 | Reached skill level 15 in Fighting
 74201 | Depths:2 | Reached skill level 15 in Short Blades
 74201 | Depths:2 | Reached skill level 15 in Long Blades
 74201 | Depths:2 | Reached skill level 15 in Axes
 74201 | Depths:2 | Reached skill level 15 in Maces & Flails
 74201 | Depths:2 | Reached skill level 15 in Polearms
 74201 | Depths:2 | Reached skill level 15 in Staves
 74201 | Depths:2 | Reached skill level 15 in Slings
 74201 | Depths:2 | Reached skill level 15 in Bows
 74201 | Depths:2 | Reached skill level 15 in Crossbows
 74201 | Depths:2 | Reached skill level 15 in Throwing
 74201 | Depths:2 | Reached skill level 15 in Armour
 74201 | Depths:2 | Reached skill level 15 in Shields
 74201 | Depths:2 | Reached skill level 15 in Unarmed Combat
 74201 | Depths:2 | Reached skill level 15 in Evocations
 74245 | Depths:2 | Identified the ring "Uxyfih" {rF+ rN+ MR- Int+3 Dex+6}
 74448 | Depths:2 | Found a glowing golden altar of the Shining One.
 74622 | Depths:2 | Identified the ring "Ulaef" {rPois Str+6}
 75076 | Depths:2 | Noticed a caustic shrike
 75081 | Depths:2 | Killed a caustic shrike
 75084 | Depths:2 | Noticed a golden dragon
 75090 | Depths:2 | Killed a golden dragon
 75261 | Depths:3 | Found a runed translucent gate.
 75301 | Depths:3 | Noticed Boris
 75320 | Depths:3 | Killed Boris
 75469 | Depths:3 | Found a runed translucent gate.
 75469 | Depths:3 | Found a runed translucent gate.
 75651 | Depths:3 | Reached XP level 24. HP: 166/188 MP: 34/43
 78481 | Depths:4 | Noticed Xtahua
 78491 | Depths:4 | Killed Xtahua
 80065 | Depths:4 | Found a snail-covered altar of Cheibriados.
 80186 | Depths:5 | Entered Level 5 of the Depths
 80711 | Depths:5 | Identified the +4 shortbow of Osest {venom, *Contam +Fly
                  | Int-3 Dex+5}
 81048 | Depths:5 | Found a bloodstained altar of Trog.
 81560 | Depths:5 | Noticed a juggernaut
 81569 | Depths:5 | Killed a juggernaut
 82252 | Depths:5 | Reached XP level 25. HP: 192/196 MP: 34/43
 82471 | Depths:5 | Found a gate to the Realm of Zot.
 82601 | Zot:1    | Entered Level 1 of the Realm of Zot
 82603 | Zot:1    | Noticed an orb of fire
 82609 | Zot:1    | Killed an orb of fire
 82609 | Zot:1    | Reached skill level 17 in Invocations
 82774 | Depths:5 | Quit the game

Levels and vault maps discovered:
D:1:      dpeg_arrival_pits, layout_loops_ring
D:2:      layout_loops_cross
D:3:      layout_loops_cross, first_ration
D:4:      minmay_bubble_buster, layout_loops_ring,
          minmay_temple_entry_proselytizer, uniq_ijyb, uniq_eustachio,
          uniq_robin
D:5:      layout_cave_pools, uniq_prince_ribbit1, uniq_crazy_yiuf_cottage,
          uniq_menkaure
D:6:      kennysheep_slugbush, layout_layer_cave, lemuel_crystal_altar,
          gup_sewer_entry_bowl, serial_shops, shop, shop_statue,
          nicolae_shop_stone, shop, nicolae_shop_crystal
D:7:      layout_basic, makhleb_heckhound_becter, basic_altar, serial_shops,
          nicolae_shop_trees, nicolae_shop_trees
D:8:      layout_basic, grunt_pizzeria, uniq_maurice, uniq_gastronok, uniq_grum
D:9:      lemuel_bear_cage, layout_basic, lemuel_mausoleum_altar_kikubaaqudgha,
          marbit_many_paths, gammafunk_ghost_hydra_chop, basic_altar
D:10:     layout_long_grid, zombieorc1_lemuel, nicolae_trove_entry_diagonal,
          serial_bayou_lake_a, uniq_fannar
D:11:     layout_roguey, minmay_lair_entry_grove
D:12:     layout_basic
D:13:     layout_roguey, gammafunk_ghost_mausoleum, grunt_ministairs_10,
          nrook_campfire, minmay_misc_feat_doors
D:14:     layout_small_grid, erik_vaults_2, evilmike_ruin_ashenzari, uniq_snorg
D:15:     grunt_enter_depths_snipers, layout_loops_ring, minivault_23,
          basic_altar
Temple:   regret_index_temple_mists
Lair:1:   layout_small_grid, beast_lair_carwin_4
Lair:2:   layout_regular_city, minmay_shoals_entry_beasts, grunt_megastairs_3
Lair:3:   layout_loops_ring, nicolae_spider_entry_orb_guardian, enter_volcano_3,
          st_stairs_5
Lair:4:   layout_roguey, kennysheep_snail_temple, uniq_nergalle
Lair:5:   layout_cave_pods, basic_altar
Shoals:1: layout_shoals, st_cyclops, uniq_jorgrun
Shoals:2: layout_shoals, serial_shops, shop, nicolae_shoals_aquamancer_cove
Shoals:3: cheibrodos_shoals_baths, layout_shoals, uniq_polyphemus
Shoals:4: shoals_end_simple, layout_shoals, serial_shops, nicolae_shop_trees
Spider:1: nicolae_spider_mines_1, hangedman_spider_mandibles
Spider:2: layout_spider_delve, drop_trap
Spider:3: lemuel_spider_zombies, nicolae_spider_cling_halls, uniq_arachne
Spider:4: spider_rune_water
Orc:1:    layout_caves, serial_shops, nicolae_shop_waterfront, basic_altar,
          nicolae_orc_lava_room
Orc:2:    pubby_orc_utopia, uniq_donald, uniq_erolcha
Elf:1:    layout_gridlike, kennysheep_underground_church, solitary_fountain
Elf:2:    layout_geoelf_octagon, serial_shops, nicolae_shop_trees, hex_tiny,
          hex_intersection
Elf:3:    grunt_elf_hall_diamonds, layout_onion_city, uniq_aizul, uniq_louise
Vaults:1: nicolae_vaults_ring_of_whatevers, hangedman_vaults_impose,
          vaults_room_fancy_cross, vaults_mumra_chevron,
          vaults_standard_mumra_enter_the_diamond, vaults_mumra_lcd,
          vaults_dpeg_encased_lava, v_rooms_5, ontoclasm_vaults_ring_square,
          hangedman_vaults_corner_blocks, serial_ice_h, grunt_vaults_swirl,
          ontoclasm_vaults_fault, hangedman_vaults_slice,
          nicolae_vaults_alarming, ontoclasm_vaults_chip, layout_vaults_ring,
          serial_shops, shop
Vaults:2: ontoclasm_vaults_chip, v_misc_1, hangedman_vaults_trim,
          hangedman_vaults_river_flow, nicolae_vaults_angled_halls,
          nicolae_vaults_yaktaur_gun_rack, st_star, vaults_mumra_hexcomb,
          nicolae_vaults_rhombus_6, ontoclasm_vaults_tryst,
          ontoclasm_vaults_hangar, ontoclasm_vaults_shuriken,
          ontoclasm_vaults_idyll, v_misc_23, layout_vaults_omnibox,
          portal_desolation_entry_nicolae_slug
Vaults:3: nicolae_vaults_windows_and_doors_thing, ontoclasm_vaults_eye,
          grunt_vaults_trifunnel, minmay_crypt_entry_necro_gods,
          vaults_room_hangedman_quadrants, nicolae_vaults_hallways_thing,
          ontoclasm_vaults_gateway, nicolae_vaults_asterisk,
          grunt_vaults_bifocal, vaults_room_ringed_pool,
          hangedman_vaults_capsules, v_misc_8, nicolae_vaults_theta, v_misc_18,
          v_alt_pattern_5, nicolae_vaults_rhombus_6, layout_vaults_maze,
          uniq_boris
Vaults:4: gammafunk_vaults_ghost_tricky_traps, v_pattern_2,
          nicolae_vaults_mini_display_case, nicolae_vaults_little_squares_4,
          nicolae_vaults_little_squares_1, nicolae_vaults_circle_grid_b,
          v_rooms_6, v_misc_2, vaults_room_pool,
          nicolae_vaults_network_periphery, nicolae_vaults_little_squares_5,
          nicolae_vaults_little_squares_4, layout_vaults_big_cross,
          serial_shops, shop, shop, uniq_bai_suzhen
Vaults:5
Depths:1: evilmike_silver_temple, layout_cave_shapes, enter_ziggurat_c,
          grunt_pan_entry_zigzag, wad_floor_pattern_untrapped, abyss_entry,
          hell_entry, kennysheep_generic_room_16
Depths:2: hangedman_spin_cycle, hell_entry, uniq_enchantress
Depths:3: minmay_textured_paths, layout_basic, pan_entry,
          infiniplex_staircase_zigzag_4, hangedman_tar_grid_catacomb,
          serial_glass, glass_columns_a, glass_columns_a, glass_columns_a,
          glass_columns_a, glass_columns_a, glass_columns_a,
          due_unseen_surprise, item_on_display_a, abyss_entry, pandoras_box_mu
Depths:4: pf_snail_temple, layout_cave_pools, hell_entry, abyss_entry,
          chequers_serial_rivers_small_a, infiniplex_staircase_zigzag_1,
          uniq_xtahua, uniq_mennas
Depths:5: evilmike_zot_entry_gauntlet, layout_cave_shapes, grunt_hell_horde,
          minmay_misc_feat_secret_circle, mumra_transporter_accident,
          evilmike_spriggan_trog_shrine
Zot:1:    gammafunk_sealed_arena, layout_onion_interference, grunt_ministairs_10

Skill      XL: |  1  2  3  4  5  6  7  8  9 10 11 12 13 14 15 16 17 18 19 20 21 22 23 24 25 |
---------------+----------------------------------------------------------------------------+-----
Conjurations   | 2 3 4 5 6 7 8 9 10 11 12 13 | 13.7
Summonings     | 2 3 4 5 6 7 8 9 10 11 12 13 | 13.7
Translocations | 2 3 4 5 6 7 8 9 10 11 12 13 | 13.7
Invocations    | 1 2 3 4 5 6 7 8 9 10 11 12 13 14 15 16 17 | 17.0
Fighting       | 1 2 3 4 5 6 7 8 9 10 11 12 13 14 15 | 15.8
Short Blades   | 1 2 3 4 5 6 7 8 9 10 11 12 13 14 15 | 15.8
Long Blades    | 1 2 3 4 5 6 7 8 9 10 11 12 13 14 15 | 15.8
Axes           | 1 2 3 4 5 6 7 8 9 10 11 12 13 14 15 | 15.8
Maces & Flails | 1 2 3 4 5 6 7 8 9 10 11 12 13 14 15 | 15.8
Polearms       | 1 2 3 4 5 6 7 8 9 10 11 12 13 14 15 | 15.8
Staves         | 1 2 3 4 5 6 7 8 9 10 11 12 13 14 15 | 15.8
Slings         | 1 2 3 4 5 6 7 8 9 10 11 12 13 14 15 | 15.8
Bows           | 1 2 3 4 5 6 7 8 9 10 11 12 13 14 15 | 15.8
Crossbows      | 1 2 3 4 5 6 7 8 9 10 11 12 13 14 15 | 15.8
Throwing       | 1 2 3 4 5 6 7 8 9 10 11 12 13 14 15 | 15.8
Armour         | 1 2 3 4 5 6 7 8 9 10 11 12 13 14 15 | 15.8
Shields        | 1 2 3 4 5 6 7 8 9 10 11 12 13 14 15 | 15.8
Unarmed Combat | 1 2 3 4 5 6 7 8 9 10 11 12 13 14 15 | 15.8
Evocations     | 1 2 3 4 5 6 7 8 9 10 11 12 13 14 15 | 15.8
Hexes          | 1 2 3 4 5 6 7 8 9 10 11 12 13 | 13.6
Charms         | 1 2 3 4 5 6 7 8 9 10 11 12 13 | 13.6
Necromancy     | 1 2 3 4 5 6 7 8 9 10 11 12 13 | 13.6
Transmutations | 1 2 3 4 5 6 7 8 9 10 11 12 13 | 13.6
Fire Magic     | 1 2 3 4 5 6 7 8 9 10 11 12 13 | 13.6
Ice Magic      | 1 2 3 4 5 6 7 8 9 10 11 12 13 | 13.6
Air Magic      | 1 2 3 4 5 6 7 8 9 10 11 12 13 | 13.6
Earth Magic    | 1 2 3 4 5 6 7 8 9 10 11 12 13 | 13.6
Poison Magic   | 1 2 3 4 5 6 7 8 9 10 11 12 13 | 13.6
Dodging        | 5 6 7 8 9 10 11 12 13 14 15 16 | 16.3
Stealth        | 5 6 7 8 9 10 11 12 13 14 15 16 | 16.2
Spellcasting   | 8 9 10 11 12 13 14 15 16 | 16.9

Action                   |  1- 3 |  4- 6 |  7- 9 | 10-12 | 13-15 | 16-18 | 19-21 | 22-24 | 25-27 || total
-------------------------+-------+-------+-------+-------+-------+-------+-------+-------+-------++-------
Melee: Unarmed           |     3 |       |       |       |       |       |       |       |       ||     3
       Mace              |       |     6 |       |       |       |       |       |       |       ||     6
       Dagger            |       |    38 |   210 |    62 |       |       |       |       |       ||   310
       Kick              |       |     8 |    43 |    28 |     2 |       |       |       |       ||    81
       Bite              |       |     4 |    22 |    13 |     2 |     4 |    37 |    17 |       ||    99
       Punch             |       |       |     2 |     1 |       |       |       |       |       ||     3
       Staff             |       |       |       |    21 |    26 |    43 |   223 |   118 |       ||   431
 Cast: Magic Dart        |    83 |    67 |   243 |   510 |   599 |   882 |    13 |       |       ||  2397
       Call Imp          |     3 |       |     3 |       |       |       |       |       |       ||     6
       Mephitic Cloud    |       |    10 |    46 |    11 |     8 |       |       |       |       ||    75
       Blink             |       |     2 |     5 |     9 |       |     1 |     6 |    10 |       ||    33
       Iskenderun's Batt |       |       |       |   106 |   107 |   129 |       |       |       ||   342
       Bolt of Magma     |       |       |       |    36 |    90 |       |       |       |       ||   126
       Statue Form       |       |       |       |       |    40 |   127 |    89 |    88 |       ||   344
       Spellforged Servi |       |       |       |       |    16 |    57 |    64 |    75 |     1 ||   213
       Orb of Destructio |       |       |       |       |     2 |   150 |   299 |   527 |     7 ||   985
       Deflect Missiles  |       |       |       |       |       |     3 |     3 |     3 |       ||     9
       Discord           |       |       |       |       |       |       |    56 |    51 |     3 ||   110
       Malign Gateway    |       |       |       |       |       |       |     5 |    16 |       ||    21
Invok: Curse Item        |       |       |     3 |     2 |       |     5 |     4 |     2 |       ||    16
       Scrying           |       |       |       |     1 |       |     1 |     1 |     3 |       ||     6
 Abil: Evoke Invisibilit |       |       |       |       |       |       |     4 |       |       ||     4
Evoke: Wand              |       |     1 |     6 |     6 |    13 |    35 |    21 |     3 |       ||    85
       Lightning rod     |       |       |       |       |       |       |     4 |       |       ||     4
       Lamp of fire      |       |       |       |       |       |       |     2 |       |       ||     2
       Phial of floods   |       |       |       |       |       |       |     2 |       |       ||     2
       Box of beasts     |       |       |       |       |       |       |     4 |       |       ||     4
       Sack of spiders   |       |       |       |       |       |       |     2 |       |       ||     2
  Use: Potion            |       |     5 |       |     1 |     9 |     3 |    11 |     1 |       ||    30
       Scroll            |       |       |     6 |     5 |    14 |     6 |    20 |    25 |       ||    76
 Stab: Confused          |       |     5 |    18 |     1 |       |       |       |       |       ||    24
       Distracted        |       |       |       |       |       |       |     7 |       |       ||     7
       Held in net/web   |       |       |       |       |       |       |     1 |       |       ||     1
  Eat: Chunk             |     3 |     4 |    16 |    39 |    40 |    81 |    61 |    41 |     1 ||   286
       Ration            |       |       |     1 |     5 |     5 |    12 |    15 |     9 |       ||    47
Armor: Robe              |     1 |    19 |    46 |    46 |    40 |    10 |     7 |       |       ||   169
       Skin              |       |       |       |       |   259 |   382 |   285 |   174 |       ||  1100
       Pearl dragon scal |       |       |       |       |       |       |       |    88 |     1 ||    89
Dodge: Dodged            |    17 |    43 |   154 |   172 |   629 |   811 |   842 |   626 |       ||  3294
       Deflected         |       |       |       |       |       |    13 |    26 |    34 |       ||    73
Block: Other             |       |       |     1 |    52 |   133 |    54 |       |       |       ||   240
       Reflection        |       |       |       |     1 |       |    55 |    57 |   154 |       ||   267
       Shield            |       |       |       |       |       |  1117 |  1358 |  1298 |     1 ||  3774

Table legend:
 A = Non-vault XP
 B = Vault XP
 C = Vault XP percentage of total XP
 D = Non-vault monster count
 E = Vault monster count
 F = Vault count percentage of total count
                 A         B        C        D         E       F
            +---------+---------+-------+---------+---------+-------
      Total |  400822 |  549906 |  57.8 |    1255 |    1083 |  46.3
            +---------+---------+-------+---------+---------+-------
        D:1 |      18 |       0 |   0.0 |      10 |       0 |   0.0
        D:2 |      39 |       0 |   0.0 |      16 |       0 |   0.0
        D:3 |     185 |       0 |   0.0 |      24 |       0 |   0.0
        D:4 |     867 |     446 |  34.0 |      38 |      22 |  36.7
        D:5 |     535 |     486 |  47.6 |      16 |       3 |  15.8
        D:6 |     460 |      36 |   7.3 |      15 |      10 |  40.0
        D:7 |     745 |      42 |   5.3 |      10 |       1 |   9.1
        D:8 |    1038 |    3276 |  75.9 |      17 |       8 |  32.0
        D:9 |    1577 |    6816 |  81.2 |      26 |      35 |  57.4
       D:10 |    2510 |    2232 |  47.1 |      36 |      32 |  47.1
       D:11 |    3447 |    1272 |  27.0 |      42 |       9 |  17.6
       D:12 |    6531 |       0 |   0.0 |      43 |       0 |   0.0
       D:13 |    2980 |     204 |   6.4 |      15 |       6 |  28.6
       D:14 |    9028 |    9112 |  50.2 |      55 |       9 |  14.1
       D:15 |    8401 |    2330 |  21.7 |      27 |       3 |  10.0
     Lair:1 |    4292 |     726 |  14.5 |      22 |       4 |  15.4
     Lair:2 |    6291 |    2284 |  26.6 |      26 |       6 |  18.8
     Lair:3 |    6295 |    1252 |  16.6 |      18 |       4 |  18.2
     Lair:4 |    7206 |    2563 |  26.2 |      33 |       5 |  13.2
     Lair:5 |    2716 |       0 |   0.0 |      15 |       0 |   0.0
   Shoals:1 |    5592 |    6220 |  52.7 |      18 |       9 |  33.3
   Shoals:2 |   14026 |    3196 |  18.6 |      36 |       4 |  10.0
   Shoals:3 |    9411 |    6845 |  42.1 |      20 |      12 |  37.5
   Shoals:4 |   10621 |   14688 |  58.0 |      22 |      36 |  62.1
   Spider:1 |   14766 |    1570 |   9.6 |      58 |       7 |  10.8
   Spider:2 |   10273 |       0 |   0.0 |      36 |       0 |   0.0
   Spider:3 |   15369 |   14751 |  49.0 |      53 |      32 |  37.6
   Spider:4 |    8073 |   17547 |  68.5 |      26 |      39 |  60.0
      Orc:1 |    3174 |       0 |   0.0 |      34 |       0 |   0.0
      Orc:2 |       0 |   26893 | 100.0 |       0 |     152 | 100.0
      Elf:1 |   12062 |    2642 |  18.0 |      21 |       6 |  22.2
      Elf:2 |   12639 |   20357 |  61.7 |      20 |      31 |  60.8
      Elf:3 |   23378 |   45015 |  65.8 |      44 |      35 |  44.3
   Vaults:1 |   17397 |   11715 |  40.2 |      55 |      19 |  25.7
   Vaults:2 |   10294 |   16712 |  61.9 |      22 |      40 |  64.5
   Vaults:3 |   17802 |   26698 |  60.0 |      52 |      42 |  44.7
   Vaults:4 |   28737 |   39040 |  57.6 |      57 |      44 |  43.6
   Vaults:5 |   20188 |   61839 |  75.4 |      48 |      83 |  63.4
   Depths:1 |   17245 |   20444 |  54.2 |      29 |      23 |  44.2
   Depths:2 |     403 |   68361 |  99.4 |       2 |      84 |  97.7
   Depths:3 |   28482 |   16795 |  37.1 |      34 |      27 |  44.3
   Depths:4 |   16589 |   39845 |  70.6 |      29 |      48 |  62.3
   Depths:5 |   26431 |   19738 |  42.8 |      28 |      34 |  54.8
      Zot:1 |   12709 |       0 |   0.0 |       7 |       0 |   0.0
      Sewer |       0 |     147 | 100.0 |       0 |      10 | 100.0
 Desolation |       0 |   35771 | 100.0 |       0 |     109 | 100.0
            +---------+---------+-------+---------+---------+-------
